 Dungeon Crawl Stone Soup version 0.31-a0-256-g80acddb972 (webtiles) character file.

Game seed: 11935944307633862066

4 haemogoblin the Insei (level 1, 12/12 HPs)
             Began as a Kobold Wanderer on July 13, 2023.
             Got out of the dungeon alive.
             The game lasted 00:02:54 (220 turns).

haemogoblin the Insei (Kobold Wanderer)              Turns: 220, Time: 00:02:55

Health: 12/12      AC:  2    Str: 10    XL:     1   Next: 77%
Magic:  2/2        EV: 13    Int: 11    God:
Gold:   0          SH:  0    Dex: 15    Spells: 1/2 levels left

rFire   . . .        a - +0 dagger
rCold   . . .        (no shield)
rNeg    . . .        e - +0 robe
rPois   .            (no helmet)
rElec   .            (no cloak)
rCorr   .            (no gloves)
SInv    .            (no boots)
Will    .....        (no amulet)
Stlth   ++           (no ring)
HPRegen 0.22/turn    (no ring)
MPRegen 0.08/turn

%: no passive effects
@: no status effects
A: small, no large weapons, nightstalker 3
a: no special abilities


You escaped.
You visited 1 branch of the dungeon, and saw 1 of its levels.

Inventory:

Hand Weapons
 a - a +0 dagger (weapon)
Missiles
 b - 7 boomerangs (quivered)
 f - 15 stones
Armour
 e - a +0 robe (worn)
Scrolls
 c - a scroll of vulnerability
 d - a scroll of blinking
 g - a scroll of enchant armour {unknown}
 h - a scroll of butterflies {unknown}


   Skills:
 + Level 1.2 Fighting
 + Level 2.1 Throwing
 + Level 4.2 Unarmed Combat
 + Level 1.1 Spellcasting
 + Level 2.0 Summonings


You had one spell level left.
You knew the following spells:

 Your Spells              Type           Power      Damage    Failure   Level
a - Summon Small Mammal   Summ           20%        N/A       14%         1

Your spell library contained the following spells:

 Spells                   Type           Power      Damage    Failure   Level
 Call Imp                 Summ           10%        N/A       22%         2
 Summon Ice Beast         Ice/Summ       2%         N/A       91%         4


Dungeon Overview and Level Annotations

Branches:
Dungeon (1/15)

Altars:


Innate Abilities, Weirdness & Mutations

You are small and have problems with some larger weapons.
You are completely attuned to the shadows.


Message History

The bat barely misses you.
Found 17 gold pieces.
The bat closely misses you. The bat barely misses you. The bat misses you.
The bat barely misses you. The bat closely misses you.
The bat closely misses you. The bat misses you. x2
You completely miss the bat. The bat barely misses you.
The bat hits you but does no damage.
Okay, then.
The bat closely misses you.
You barely miss the bat. The bat barely misses you.
The bat completely misses you. The bat closely misses you.
You hit the bat.
The bat is heavily wounded.
The bat hits you. The bat barely misses you. The bat hits you.
You hit the bat.
You kill the bat!
Throw: 7 boomerangs
Press: ? - help, Q - select action, (/) - cycle Shift-Dir - straight line You can't see that place.
You can't see that place.
Okay, then.
Welcome back, haemogoblin the Kobold Wanderer.
Press ? for a list of commands and other information.
Unknown command.
No target in view!
You see here a +0 leather armour.
You see here a +0 hand axe.
There is a staircase leading out of the dungeon here.
You can't go down here!
Are you sure you want to leave the Dungeon?
This will make you lose the game!
Alright, then stay!
Are you sure you want to leave the Dungeon?
This will make you lose the game!
Uppercase [Y]es or [N]o only, please.
Are you sure you want to leave the Dungeon?
This will make you lose the game!
You have escaped!

............#
.........#### ##...
.####..### ##...### .
##...######......
.##..............#####
................)....
......####.........###
......# #.........≈≈#
.#..#.# ##....@..≈≈≈#
#..#.# #.........≈#
#≈≈~≈≈....≈#
#≈≈≈~...≈≈≈#
#≈≈≈≈.≈≈≈≈≈ ≈≈≈≈≈≈≈≈≈
≈≈≈≈≈≈≈##


There were no monsters in sight!

Vanquished Creatures
  A ball python (D:1)
  A bat (D:1)
  A giant cockroach (D:1)
  A kobold (D:1)
4 creatures vanquished.

Notes
Turn   | Place    | Note
-------+----------+-------------------------------------------
     0 | D:1      | haemogoblin the Kobold Wanderer began the quest for the
                  | Orb.
     0 | D:1      | haemogoblin set off with the following items: a +0 dagger,
                  | 7 boomerangs, a scroll of vulnerability, a scroll of
                  | blinking, a +0 robe; and the following spell memorised:
                  | Summon Small Mammal; and the following spells available to
                  | memorise: Call Imp, Summon Ice Beast.
     0 | D:1      | Reached XP level 1. HP: 12/12 MP: 2/2
   220 | D:$      | Got out of the dungeon alive.

Illustrated notes

Levels and vault maps discovered:
D:1:      dpeg_arrival_pond, layout_rooms

Action                     || total
---------------------------++-------
  Melee: Dagger            ||    25
         Punch             ||     2
 Armour: Robe              ||    12
  Dodge: Dodged            ||    32

Table legend: (Time is in decaauts)
 A = Elapsed time spent in this place.
 B = Non-inter-level travel time spent in this place.
 C = Inter-level travel time spent in this place.
 D = Time resting spent in this place.
 E = Time spent auto-exploring this place.
 F = Levels seen in this place.
 G = Mean time per level.
                   A        B        C        D        E       F      G
               +--------+--------+--------+--------+--------+-----+--------+
         Total |    220 |    220 |      0 |      0 |     36 |   1 |  220.0 |
       Dungeon |    220 |    220 |      0 |      0 |     36 |   1 |  220.0 |
               +--------+--------+--------+--------+--------+-----+--------+

Top non-repeatable levels by time:
     D:1: 220 daAuts
